Little Stars vs Thunder
(R1)
Created - March 19, 2018 at 21:18
Goals
|
| Little Stars |
0 |
1 |
4 |
5 |
| Thunder |
3 |
3 |
2 |
8 |
|
Shots
|
| Little Stars |
6 |
10 |
12 |
28 |
| Thunder |
10 |
12 |
14 |
36 |
|
1st period
1. Thunder , Mike Hoffman 12 (Ryan Nugent-Hopkins 44, Zach Redmond 16) at 1:06
2. Thunder , Adam Hall 25 (David Fischer 45) at 3:31
3. Thunder , Daultan Leveillé 22 (Dany Roussin 46) at 7:41 (PP)
Penalties :
Robert Klinkhammer (Tex) for Hooking (Minor) at 6:52, Joe Labate (TRO) for Elbowing (Minor) at 9:01
2nd period
4. Thunder , Daultan Leveillé 23 (Dany Roussin 47) at 0:54 (PP)
5. Little Stars , Hugh Jessiman 18 (Dana Tyrell 34, Jesse Joensuu 49) at 3:46
6. Thunder , Mike Hoffman 13 (Ryan Nugent-Hopkins 45, Scott Parse 17) at 6:25
7. Thunder , Mike Hoffman 14 (Ryan Nugent-Hopkins 46, Thomas Spelling 10) at 19:24
Penalties :
Niklas Hjalmarsson (Tex) for Interference (Minor) at 0:22, David Wolf (TRO) for High sticking (Minor) at 8:06, Scott Harrington (Tex) for Roughing (Minor) at 16:56
3rd period
8. Thunder , David Wolf 8 (David Fischer 46, Jay Beagle 17) at 3:16
9. Little Stars , Jesse Joensuu 33 (Hugh Jessiman 16, Dana Tyrell 35) at 4:43 (PP)
10. Little Stars , Brian Flynn 27 (Niklas Hjalmarsson 37, Cam Atkinson 35) at 5:12 (PP)
11. Little Stars , Brian Flynn 28 (Cam Atkinson 36, Shawn Matthias 36) at 6:19 (PP)
12. Thunder , Adam Hall 26 (Jay Beagle 18, Scott Parse 18) at 17:35 (SH)
13. Little Stars , Mathieu Perreault 16 (Jesper Fast 25, Jordie Benn 18) at 19:26
Penalties :
David Fischer (TRO) for Hooking (Minor) at 1:04, Jay Beagle (TRO) for Boarding (Minor) at 3:27, Joey Ryan (TRO) for Boarding (Minor) at 5:06, Gianluca Curcuruto (TRO) for Elbowing (Minor) at 6:10, Hugh Jessiman (Tex) for Roughing (Minor) at 12:24, Gianluca Curcuruto (TRO) for High sticking (Minor) at 16:56
Goalie Stats
Jhonas Enroth (Tex), 7 saves from 11 shots - (0.636), 20:54 minutes
Peter Delmas (Tex), 21 saves from 25 shots - (0.840), L, 4-5-1, 39:06 minutes
Jake Allen (TRO), 23 saves from 28 shots - (0.821), W, 5-6-0, 60:00 minutes
Players Stats for Little Stars
Player Name G A P +/- PIM S H SB GA TA FO MP PP MP PK MP
------------------------------------------------------------------------------------
Alexander Vasyunov 0 0 0 -3 0 3 1 0 0 0 0/0 12:22 0:00 1:19
Brian Flynn 2 0 2 -2 0 7 5 0 0 0 19/32 22:56 5:27 1:23
Cam Atkinson 0 2 2 -2 0 4 0 1 2 1 1/2 24:17 5:27 3:01
Dana Tyrell 0 2 2 1 0 2 1 0 0 1 2/11 15:05 3:56 0:00
Daniel O'regan 0 0 0 0 0 0 0 0 0 0 0/1 6:57 0:00 0:29
Hugh Jessiman 1 1 2 1 2 2 0 0 1 0 0/2 17:03 3:56 0:51
Jesper Fast 0 1 1 -3 0 2 2 0 0 0 0/1 11:24 0:04 0:00
Jesse Joensuu 1 1 2 1 0 3 2 1 1 0 0/0 16:27 3:53 0:34
Jordie Benn 0 1 1 -2 0 0 0 1 1 1 0/0 20:44 3:32 1:57
Mathieu Perreault 1 0 1 -3 0 2 2 0 1 0 3/6 11:38 0:07 0:00
Niklas Hjalmarsson 0 1 1 0 2 0 1 2 0 1 0/0 28:26 5:50 2:50
Phil Oreskovic 0 0 0 -1 0 0 0 3 2 0 0/0 29:17 5:55 3:22
Robert Klinkhammer 0 0 0 0 2 0 2 0 0 1 0/0 5:47 0:00 0:00
Scott Harrington 0 0 0 -1 2 0 0 1 0 0 0/0 10:47 0:00 0:32
Scott Kosmachuck 0 0 0 0 0 0 0 0 0 0 0/0 6:09 0:04 0:00
Shawn Matthias 0 1 1 -2 0 2 2 1 1 0 6/8 24:17 5:27 3:01
Tyler Wotherspoon 0 0 0 -2 0 0 0 1 0 2 0/0 10:17 0:05 0:00
Tyson Barrie 0 0 0 -2 0 1 0 2 3 0 0/0 20:44 3:32 1:57
Players Stats for Thunder
Player Name G A P +/- PIM S H SB GA TA FO MP PP MP PK MP
------------------------------------------------------------------------------------
Adam Hall 2 0 2 1 0 7 0 0 0 2 4/4 21:04 2:30 2:45
Austin Wuthrich 0 0 0 1 0 0 3 0 0 0 0/0 7:07 0:00 0:00
Dany Roussin 0 2 2 0 0 1 0 2 2 2 1/1 20:05 2:35 5:40
Daultan Leveillé 2 0 2 0 0 3 2 0 1 0 6/12 13:49 2:35 0:00
David Fischer 0 2 2 2 2 3 1 6 1 0 0/0 30:05 4:00 4:54
David Wolf 1 0 1 1 2 2 2 0 0 0 0/0 7:32 0:00 0:26
Gianluca Curcuruto 0 0 0 1 4 0 0 0 0 0 0/0 10:29 0:00 1:13
Jared Staal 0 0 0 0 0 0 3 0 0 0 0/1 13:49 2:35 0:00
Jay Beagle 0 2 2 1 2 3 2 1 0 1 11/22 20:26 2:30 2:08
Joe Labate 0 0 0 1 2 1 0 0 0 0 1/1 7:42 0:00 0:00
Joey Ryan 0 0 0 1 2 3 1 5 1 4 0/0 30:56 4:00 5:55
Mike Hoffman 3 0 3 2 0 6 4 0 1 0 0/0 12:06 0:00 1:48
Mikko Vainonen 0 0 0 2 0 0 0 0 0 0 0/0 9:12 0:00 0:00
Nikolay Prokhorkin 0 0 0 0 0 0 0 0 0 0 0/0 0:44 0:14 0:00
Peter Andersson 0 0 0 1 0 2 1 1 1 1 0/0 19:45 1:19 3:26
Ryan Nugent-Hopkins 0 3 3 2 0 2 1 1 0 0 1/5 10:42 0:00 0:24
Scott Parse 0 2 2 0 0 1 4 1 0 2 6/15 24:02 2:30 5:43
Thomas Spelling 0 1 1 2 0 1 0 0 0 0 2/2 10:42 0:14 0:00
Zach Redmond 0 1 1 1 0 1 0 0 0 0 0/0 19:45 1:19 3:26
Zach Stepan 0 0 0 0 0 0 0 0 0 0 0/0 0:24 0:14 0:00
3 Stars
1 - Mike Hoffman (TRO)
2 - Daultan Leveillé (TRO)
3 - Adam Hall (TRO)
Power Play
Little Stars - 3 on 7 Attempt(s) - 42.86%
Thunder - 2 on 4 Attempt(s) - 50.00%
Penalty Kill
Little Stars - 2 on 4 Attempt(s) - 50.00%
- Score 0 goal in Penalty Kill
Thunder - 4 on 7 Attempt(s) - 57.14%
- Score 1 goal in Penalty Kill
Team Stat
Little Stars - Hits : 18 - Faceoff Wins : 31 - Blocked Shots : 13 - Penalty Minutes : 8
Thunder - Hits : 24 - Faceoff Wins : 32 - Blocked Shots : 17 - Penalty Minutes : 14
Official
Referees : Kozari Steve and Devorski Paul
Linesman : Mark Pare and Brad Lazarowich
Game Notes
Peter Delmas enters game at 0:54 of 2nd period
Mike Hoffman has scored a Hat Trick!
Finance
Level 1 -- Attendance: 1561 (78.05%) -- Ticket Income $62,440
Level 2 -- Attendance: 743 (74.30%) -- Ticket Income $14,860
Total Attendance: 2304 (76.80%)
Total Ticket Income: $77,300
Other Income: $3,865
Total Income: $81,165
Little Stars
5 vs 5 Forward
Center Left Wing Right Wing Time % Phy DF OF
1 Brian Flynn Shawn Matthias Cam Atkinson 40 1 2 2
2 Dana Tyrell Jesse Joensuu Hugh Jessiman 30 1 2 2
3 Mathieu Perreault Alexander Vasyunov Jesper Fast 20 1 2 2
4 Daniel O'regan Robert Klinkhammer Scott Kosmachuck 10 1 2 2
5 vs 5 Defense
Defense Defense Time % Phy DF OF
1 Niklas Hjalmarsson Phil Oreskovic 40 1 2 2
2 Jordie Benn Tyson Barrie 30 1 2 2
3 Tyler Wotherspoon Scott Harrington 20 1 2 2
4 Niklas Hjalmarsson Phil Oreskovic 10 1 2 2
PowerPlay Forward
Center Left Wing Right Wing Time % Phy DF OF
1 Brian Flynn Shawn Matthias Cam Atkinson 60 1 2 2
2 Dana Tyrell Jesse Joensuu Hugh Jessiman 40 1 2 2
PowerPlay Defense
Defense Defense Time % Phy DF OF
1 Niklas Hjalmarsson Phil Oreskovic 60 1 2 2
2 Jordie Benn Tyson Barrie 40 1 2 2
Penalty Kill 4 Players Forward
Center Wing Time % Phy DF OF
1 Shawn Matthias Cam Atkinson 60 1 2 2
2 Hugh Jessiman Brian Flynn 40 1 2 2
Penalty Kill 4 Players Defense
Defense Defense Time % Phy DF OF
1 Niklas Hjalmarsson Phil Oreskovic 60 1 2 2
2 Jordie Benn Tyson Barrie 40 1 2 2
Penalty Kill - 3 Players Forward
Forward Time % Phy DF OF
1 Shawn Matthias 60 1 2 2
2 Cam Atkinson 40 1 2 2
Penalty Kill - 3 Players Defense
Defense Defense Time % Phy DF OF
1 Niklas Hjalmarsson Phil Oreskovic 60 1 2 2
2 Jordie Benn Tyson Barrie 40 1 2 2
4 vs 4 Forward
Center Wing Time % Phy DF OF
1 Shawn Matthias Cam Atkinson 60 1 2 2
2 Hugh Jessiman Brian Flynn 40 1 2 2
4 vs 4 Defense
Defense Defense Time % Phy DF OF
1 Niklas Hjalmarsson Phil Oreskovic 60 1 2 2
2 Jordie Benn Tyson Barrie 40 1 2 2
Last Minutes Offensive
Center Left Wing Right Wing Defense Defense
Brian Flynn Shawn Matthias Cam Atkinson Niklas Hjalmarsson Phil Oreskovic
Last Minutes Defensive
Center Left Wing Right Wing Defense Defense
Brian Flynn Shawn Matthias Cam Atkinson Niklas Hjalmarsson Phil Oreskovic
Goaltenders
Starting : Jhonas Enroth
Backup : Peter Delmas
Extra Forwards
Normal : Mathieu Perreault, Jesper Fast, Alexander Vasyunov - PP : Mathieu Perreault, Jesper Fast - PK : Alexander Vasyunov
Extra Defensemen
Normal : Tyler Wotherspoon, Scott Harrington, Jordie Benn - PP : Tyler Wotherspoon - PK : Scott Harrington, Jordie Benn
Penalty Shots
Shawn Matthias, Cam Atkinson, Hugh Jessiman, Brian Flynn, Dana Tyrell
Scratches
Michael Mersch (Healthy), Reece Willcox (Healthy), Ville Pokka (Healthy), Alexander Khokhlachev (Healthy), Andrej Sustr (Healthy)
Anthony Camara (Healthy), Daniel Catenacci (Healthy), Duncan Siemens (Healthy), Dillon Simpson (Healthy), Yannick Weber (Bruised Left Leg Injury)
Anthony Stolarz (Healthy)
Thunder
5 vs 5 Forward
Center Left Wing Right Wing Time % Phy DF OF
1 Jay Beagle Scott Parse Adam Hall 40 1 2 2
2 Daultan Leveillé Dany Roussin Jared Staal 30 1 2 2
3 Ryan Nugent-Hopkins Mike Hoffman Thomas Spelling 20 1 2 2
4 Joe Labate David Wolf Austin Wuthrich 10 1 2 2
5 vs 5 Defense
Defense Defense Time % Phy DF OF
1 David Fischer Joey Ryan 40 1 2 2
2 Zach Redmond Peter Andersson 30 1 2 2
3 Mikko Vainonen Gianluca Curcuruto 20 1 2 2
4 David Fischer Joey Ryan 10 1 2 2
PowerPlay Forward
Center Left Wing Right Wing Time % Phy DF OF
1 Jay Beagle Scott Parse Adam Hall 60 1 2 2
2 Daultan Leveillé Dany Roussin Jared Staal 40 1 2 2
PowerPlay Defense
Defense Defense Time % Phy DF OF
1 David Fischer Joey Ryan 60 1 2 2
2 Zach Redmond Peter Andersson 40 1 2 2
Penalty Kill 4 Players Forward
Center Wing Time % Phy DF OF
1 Scott Parse Dany Roussin 60 1 2 2
2 Adam Hall Jay Beagle 40 1 2 2
Penalty Kill 4 Players Defense
Defense Defense Time % Phy DF OF
1 David Fischer Joey Ryan 60 1 2 2
2 Zach Redmond Peter Andersson 40 1 2 2
Penalty Kill - 3 Players Forward
Forward Time % Phy DF OF
1 Scott Parse 60 1 2 2
2 Dany Roussin 40 1 2 2
Penalty Kill - 3 Players Defense
Defense Defense Time % Phy DF OF
1 David Fischer Joey Ryan 60 1 2 2
2 Zach Redmond Peter Andersson 40 1 2 2
4 vs 4 Forward
Center Wing Time % Phy DF OF
1 Scott Parse Dany Roussin 60 1 2 2
2 Adam Hall Jay Beagle 40 1 2 2
4 vs 4 Defense
Defense Defense Time % Phy DF OF
1 David Fischer Joey Ryan 60 1 2 2
2 Zach Redmond Peter Andersson 40 1 2 2
Last Minutes Offensive
Center Left Wing Right Wing Defense Defense
Jay Beagle Scott Parse Adam Hall David Fischer Joey Ryan
Last Minutes Defensive
Center Left Wing Right Wing Defense Defense
Jay Beagle Scott Parse Adam Hall David Fischer Joey Ryan
Goaltenders
Starting : Jake Allen
Backup : Devan Dubnyk
Extra Forwards
Normal : Nikolay Prokhorkin, Zach Stepan, Mike Hoffman - PP : Nikolay Prokhorkin, Zach Stepan - PK : Mike Hoffman
Extra Defensemen
Normal : Mikko Vainonen, Gianluca Curcuruto, Zach Redmond - PP : Mikko Vainonen - PK : Gianluca Curcuruto, Zach Redmond
Penalty Shots
Scott Parse, Dany Roussin, Adam Hall, Jay Beagle, Daultan Leveillé
Scratches
Connor Hellebyuk (Healthy), Niklas Treutle (Healthy)
% Time on Ice - Little Stars
Lines # - Real PCT - Wanted PCT - Time Play
Normal Forward
1 - 37% - 40% - 16:57
2 - 25% - 30% - 11:26
3 - 24% - 20% - 11:03
4 - 13% - 10% - 5:48
Normal Defense
1 - 41% - 40% - 18:44
2 - 34% - 30% - 15:15
3 - 22% - 20% - 9:59
4 - 3% - 10% - 1:16
PP Forward
1 - 58% - 60% - 5:31
2 - 42% - 40% - 3:56
PP Defense
1 - 63% - 60% - 5:55
2 - 37% - 40% - 3:32
PK Forward
1 - 74% - 60% - 3:56
2 - 26% - 40% - 1:23
PK Defense
1 - 63% - 60% - 3:22
2 - 37% - 40% - 1:57
PK3 Forward
1 - 0% - 60%
2 - 0% - 40%
PK3 Defense
1 - 0% - 60%
2 - 0% - 40%
44 Forward
1 - 0% - 60%
2 - 0% - 40%
44 Defense
1 - 0% - 60%
2 - 0% - 40%
Last Minute Offensive - 0:00
Last Minute Defensive - 0:00
Total
Forward - 60:00
Defense - 60:00
|
% Time on Ice - Thunder
Lines # - Real PCT - Wanted PCT - Time Play
Normal Forward
1 - 36% - 40% - 16:19
2 - 25% - 30% - 11:30
3 - 23% - 20% - 10:18
4 - 16% - 10% - 7:07
Normal Defense
1 - 41% - 40% - 18:43
2 - 33% - 30% - 15:00
3 - 20% - 20% - 9:02
4 - 5% - 10% - 2:29
PP Forward
1 - 51% - 60% - 2:44
2 - 49% - 40% - 2:35
PP Defense
1 - 75% - 60% - 4:00
2 - 25% - 40% - 1:19
PK Forward
1 - 71% - 60% - 6:42
2 - 29% - 40% - 2:45
PK Defense
1 - 64% - 60% - 6:01
2 - 36% - 40% - 3:26
PK3 Forward
1 - 0% - 60%
2 - 0% - 40%
PK3 Defense
1 - 0% - 60%
2 - 0% - 40%
44 Forward
1 - 0% - 60%
2 - 0% - 40%
44 Defense
1 - 0% - 60%
2 - 0% - 40%
Last Minute Offensive - 0:00
Last Minute Defensive - 0:00
Total
Forward - 60:00
Defense - 60:00
|
Play by Play
1st period
0:01 of 1st period - Adam Hall wins face-off versus Brian Flynn in neutral zone.
0:12 of 1st period - Jay Beagle is hit by Brian Flynn and loses puck.
0:30 of 1st period - Wrist shot by Cam Atkinson.
0:30 of 1st period - Deflect By Shawn Matthias.
0:30 of 1st period - Shot Blocked by David Fischer.
0:30 of 1st period - Puck is out of play.
0:31 of 1st period - Daultan Leveillé wins face-off versus Dana Tyrell in Thunder zone.
0:56 of 1st period - Tyson Barrie is hit by Mike Hoffman.
1:04 of 1st period - Backhand shot by Mike Hoffman.
1:04 of 1st period - Stopped by Jhonas Enroth with a rebound.
1:06 of 1st period - Wrist shot by Mike Hoffman.
1:06 of 1st period - Goal by Mike Hoffman - Little Stars : 0 - Thunder : 1.
1:07 of 1st period - Joe Labate wins face-off versus Daniel O'regan in neutral zone.
1:20 of 1st period - Tyler Wotherspoon is hit by David Wolf and loses puck.
1:33 of 1st period - David Fischer is hit by Jesse Joensuu and loses puck.
2:02 of 1st period - Slapshot by Cam Atkinson.
2:02 of 1st period - Shot Misses the Net.
2:08 of 1st period - Brian Flynn is hit by Scott Parse and loses puck.
2:28 of 1st period - Backhand shot by Mike Hoffman.
2:28 of 1st period - Shot Misses the Net.
2:40 of 1st period - Wrist shot by David Wolf.
2:40 of 1st period - Stopped by Jhonas Enroth with a rebound.
2:42 of 1st period - Wrist shot by Joe Labate.
2:42 of 1st period - Stopped by Jhonas Enroth with a rebound.
2:44 of 1st period - Snap shot by Joe Labate.
2:44 of 1st period - Deflect By David Wolf.
2:44 of 1st period - Shot Hit the Post.
2:44 of 1st period - Puck is out of play.
2:45 of 1st period - Jay Beagle wins face-off versus Dana Tyrell in Little Stars zone.
3:00 of 1st period - Snap shot by Scott Parse.
3:00 of 1st period - Deflect By Adam Hall.
3:00 of 1st period - Stopped by Jhonas Enroth without a rebound.
3:01 of 1st period - Brian Flynn wins face-off versus Daultan Leveillé in Little Stars zone.
3:18 of 1st period - Phil Oreskovic is hit by Jared Staal and loses puck.
3:31 of 1st period - Snap shot by Adam Hall.
3:31 of 1st period - Goal by Adam Hall - Little Stars : 0 - Thunder : 2.
3:32 of 1st period - Thomas Spelling wins face-off versus Dana Tyrell in neutral zone.
3:34 of 1st period - Off-side.
3:35 of 1st period - Dana Tyrell wins face-off versus Ryan Nugent-Hopkins in neutral zone.
3:40 of 1st period - Snap shot by Dana Tyrell.
3:40 of 1st period - Stopped by Jake Allen with a rebound.
4:06 of 1st period - Snap shot by Jay Beagle.
4:06 of 1st period - Stopped by Jhonas Enroth with a rebound.
4:08 of 1st period - Snap shot by Adam Hall.
4:08 of 1st period - Shot Blocked by Phil Oreskovic.
4:10 of 1st period - Snap shot by Adam Hall.
4:10 of 1st period - Shot Misses the Net.
5:31 of 1st period - Wrist shot by Cam Atkinson.
5:31 of 1st period - Stopped by Jake Allen without a rebound.
5:32 of 1st period - Brian Flynn wins face-off versus Daultan Leveillé in Thunder zone.
5:47 of 1st period - Wrist shot by Cam Atkinson.
5:47 of 1st period - Shot Misses the Net.
6:16 of 1st period - Jordie Benn is hit by Mike Hoffman.
6:22 of 1st period - Joey Ryan is hit by Mathieu Perreault and loses puck.
6:44 of 1st period - Slapshot by Zach Redmond.
6:44 of 1st period - Stopped by Jhonas Enroth with a rebound.
6:46 of 1st period - Slapshot by Peter Andersson.
6:46 of 1st period - Stopped by Jhonas Enroth with a rebound.
6:52 of 1st period - Minor Penalty to Robert Klinkhammer for Hooking.
6:53 of 1st period - Shawn Matthias wins face-off versus Jay Beagle in Little Stars zone.
7:25 of 1st period - Icing by Dany Roussin.
7:26 of 1st period - Daultan Leveillé wins face-off versus Hugh Jessiman in Thunder zone.
7:41 of 1st period - Snap shot by Daultan Leveillé.
7:41 of 1st period - Goal by Daultan Leveillé - Little Stars : 0 - Thunder : 3.
7:42 of 1st period - Brian Flynn wins face-off versus Jay Beagle in neutral zone.
8:40 of 1st period - Alexander Vasyunov is hit by Mike Hoffman and loses puck.
8:59 of 1st period - Slapshot by Brian Flynn.
8:59 of 1st period - Shot Misses the Net.
9:01 of 1st period - Minor Penalty to Joe Labate for Elbowing.
9:02 of 1st period - Brian Flynn wins face-off versus Scott Parse in Thunder zone.
9:05 of 1st period - Snap shot by Cam Atkinson.
9:05 of 1st period - Stopped by Jake Allen with a rebound.
9:15 of 1st period - Peter Andersson is hit by Brian Flynn and loses puck.
9:38 of 1st period - Wrist shot by Jesse Joensuu.
9:38 of 1st period - Shot Misses the Net.
11:01 of 1st period - Penalty to Joe Labate is over, Joe Labate is back on ice.
11:11 of 1st period - Zach Redmond is hit by Jesper Fast and loses puck.
11:41 of 1st period - Off-side.
11:42 of 1st period - Ryan Nugent-Hopkins wins face-off versus Mathieu Perreault in neutral zone.
12:03 of 1st period - Dana Tyrell is hit by Jay Beagle and loses puck.
12:24 of 1st period - Slapshot by David Fischer.
12:24 of 1st period - Shot Blocked by Niklas Hjalmarsson.
12:26 of 1st period - Slapshot by David Fischer.
12:26 of 1st period - Shot Misses the Net.
12:48 of 1st period - Slapshot by Niklas Hjalmarsson.
12:48 of 1st period - Shot Misses the Net.
13:12 of 1st period - Wrist shot by Jesse Joensuu.
13:12 of 1st period - Stopped by Jake Allen with a rebound.
13:14 of 1st period - Slapshot by Phil Oreskovic.
13:14 of 1st period - Shot Misses the Net.
13:24 of 1st period - Snap shot by Shawn Matthias.
13:24 of 1st period - Stopped by Jake Allen with a rebound.
13:42 of 1st period - Mathieu Perreault is hit by Austin Wuthrich.
13:50 of 1st period - Jesper Fast is hit by Peter Andersson and loses puck.
14:03 of 1st period - Slapshot by Alexander Vasyunov.
14:03 of 1st period - Stopped by Jake Allen with a rebound.
14:05 of 1st period - Slapshot by Mathieu Perreault.
14:05 of 1st period - Shot Blocked by Joey Ryan.
14:07 of 1st period - Snap shot by Jesper Fast.
14:07 of 1st period - Shot Blocked by David Fischer.
14:15 of 1st period - Wrist shot by Mathieu Perreault.
14:15 of 1st period - Shot Misses the Net.
14:43 of 1st period - David Wolf is hit by Shawn Matthias and loses puck.
14:54 of 1st period - Joe Labate is hit by Robert Klinkhammer and loses puck.
15:06 of 1st period - Peter Andersson is hit by Robert Klinkhammer and loses puck.
15:22 of 1st period - Dana Tyrell is hit by Austin Wuthrich and loses puck.
15:48 of 1st period - Tyler Wotherspoon is hit by Scott Parse.
16:03 of 1st period - Phil Oreskovic is hit by Daultan Leveillé and loses puck.
16:29 of 1st period - Niklas Hjalmarsson is hit by Mike Hoffman and loses puck.
17:23 of 1st period - Off-side.
17:24 of 1st period - Daultan Leveillé wins face-off versus Brian Flynn in neutral zone.
17:34 of 1st period - Wrist shot by Dany Roussin.
17:34 of 1st period - Shot Blocked by Jordie Benn.
17:36 of 1st period - Slapshot by Joey Ryan.
17:36 of 1st period - Shot Misses the Net.
18:39 of 1st period - Slapshot by Mathieu Perreault.
18:39 of 1st period - Shot Blocked by Dany Roussin.
19:06 of 1st period - Wrist shot by Jay Beagle.
19:06 of 1st period - Shot Misses the Net.
19:26 of 1st period - Slapshot by David Fischer.
19:26 of 1st period - Shot Blocked by Tyler Wotherspoon.
19:46 of 1st period - Snap shot by Jesse Joensuu.
19:46 of 1st period - Shot Misses the Net.
Goals for this period are 0 for Little Stars vs 3 for Thunder.
Shots for this period are 6 for Little Stars vs 10 for Thunder.
2nd period
0:01 of 2nd period - Brian Flynn wins face-off versus Jay Beagle in neutral zone.
0:22 of 2nd period - Minor Penalty to Niklas Hjalmarsson for Interference.
0:23 of 2nd period - Shawn Matthias wins face-off versus Jay Beagle in Little Stars zone.
0:23 of 2nd period - Shawn Matthias is hit by Jay Beagle.
0:49 of 2nd period - Cam Atkinson is hit by Joey Ryan and loses puck.
0:54 of 2nd period - Wrist shot by Daultan Leveillé.
0:54 of 2nd period - Goal by Daultan Leveillé - Little Stars : 0 - Thunder : 4.
0:54 of 2nd period - Peter Delmas enters game.
0:55 of 2nd period - Shawn Matthias wins face-off versus Jay Beagle in neutral zone.
1:04 of 2nd period - Brian Flynn is hit by Scott Parse and loses puck.
1:21 of 2nd period - Joey Ryan is hit by Jesper Fast and loses puck.
1:36 of 2nd period - Wrist shot by Adam Hall.
1:36 of 2nd period - Deflect By Jay Beagle.
1:36 of 2nd period - Shot Hit the Post.
1:36 of 2nd period - Puck is out of play.
1:37 of 2nd period - Daultan Leveillé wins face-off versus Brian Flynn in Little Stars zone.
2:28 of 2nd period - Slapshot by Peter Andersson.
2:28 of 2nd period - Stopped by Peter Delmas with a rebound.
2:56 of 2nd period - Slapshot by Phil Oreskovic.
2:56 of 2nd period - Shot Misses the Net.
3:00 of 2nd period - Slapshot by Phil Oreskovic.
3:00 of 2nd period - Shot Blocked by Joey Ryan.
3:02 of 2nd period - Backhand shot by Phil Oreskovic.
3:02 of 2nd period - Shot Blocked by David Fischer.
3:12 of 2nd period - Slapshot by David Fischer.
3:12 of 2nd period - Deflect By Cam Atkinson.
3:12 of 2nd period - Stopped by Peter Delmas with a rebound.
3:14 of 2nd period - Slapshot by David Fischer.
3:14 of 2nd period - Stopped by Peter Delmas without a rebound.
3:15 of 2nd period - Daultan Leveillé wins face-off versus Cam Atkinson in Little Stars zone.
3:22 of 2nd period - Slapshot by Dany Roussin.
3:22 of 2nd period - Shot Misses the Net.
3:42 of 2nd period - Snap shot by Dana Tyrell.
3:42 of 2nd period - Shot Blocked by Jay Beagle.
3:44 of 2nd period - Wrist shot by Hugh Jessiman.
3:44 of 2nd period - Stopped by Jake Allen with a rebound.
3:46 of 2nd period - Wrist shot by Hugh Jessiman.
3:46 of 2nd period - Goal by Hugh Jessiman - Little Stars : 1 - Thunder : 4.
3:47 of 2nd period - Jay Beagle wins face-off versus Brian Flynn in neutral zone.
4:36 of 2nd period - Wrist shot by Mike Hoffman.
4:36 of 2nd period - Stopped by Peter Delmas with a rebound.
5:24 of 2nd period - Snap shot by David Wolf.
5:24 of 2nd period - Shot Blocked by Phil Oreskovic.
5:26 of 2nd period - Slapshot by Peter Andersson.
5:26 of 2nd period - Shot Misses the Net.
5:36 of 2nd period - Jesse Joensuu is hit by Jared Staal and loses puck.
6:25 of 2nd period - Wrist shot by Mike Hoffman.
6:25 of 2nd period - Goal by Mike Hoffman - Little Stars : 1 - Thunder : 5.
6:26 of 2nd period - Brian Flynn wins face-off versus Jay Beagle in neutral zone.
6:53 of 2nd period - Dana Tyrell is hit by Daultan Leveillé and loses puck.
6:58 of 2nd period - Wrist shot by Dany Roussin.
6:58 of 2nd period - Deflect By Daultan Leveillé.
6:58 of 2nd period - Stopped by Peter Delmas without a rebound.
6:59 of 2nd period - Brian Flynn wins face-off versus Jared Staal in Little Stars zone.
7:14 of 2nd period - Wrist shot by Cam Atkinson.
7:14 of 2nd period - Shot Misses the Net.
8:06 of 2nd period - Minor Penalty to David Wolf for High sticking.
8:07 of 2nd period - Brian Flynn wins face-off versus Scott Parse in Thunder zone.
8:14 of 2nd period - Snap shot by Brian Flynn.
8:14 of 2nd period - Stopped by Jake Allen without a rebound.
8:15 of 2nd period - Brian Flynn wins face-off versus Scott Parse in Thunder zone.
8:20 of 2nd period - Snap shot by Brian Flynn.
8:20 of 2nd period - Stopped by Jake Allen without a rebound.
8:21 of 2nd period - Brian Flynn wins face-off versus Scott Parse in Thunder zone.
8:33 of 2nd period - Icing by Phil Oreskovic.
8:34 of 2nd period - Scott Parse wins face-off versus Brian Flynn in Little Stars zone.
8:39 of 2nd period - Wrist shot by Dany Roussin.
8:39 of 2nd period - Stopped by Peter Delmas without a rebound.
8:40 of 2nd period - Brian Flynn wins face-off versus Scott Parse in Little Stars zone.
9:12 of 2nd period - Slapshot by Joey Ryan.
9:12 of 2nd period - Stopped by Peter Delmas without a rebound.
9:13 of 2nd period - Adam Hall wins face-off versus Dana Tyrell in Little Stars zone.
9:14 of 2nd period - Wrist shot by Jay Beagle.
9:14 of 2nd period - Shot Misses the Net.
9:16 of 2nd period - Wrist shot by Peter Andersson.
9:16 of 2nd period - Deflect By Adam Hall.
9:16 of 2nd period - Shot Misses the Net.
9:16 of 2nd period - Puck is out of play.
9:17 of 2nd period - Adam Hall wins face-off versus Brian Flynn in Little Stars zone.
9:26 of 2nd period - Slapshot by Jay Beagle.
9:26 of 2nd period - Stopped by Peter Delmas with a rebound.
9:53 of 2nd period - Off-side.
9:54 of 2nd period - Scott Parse wins face-off versus Brian Flynn in neutral zone.
10:06 of 2nd period - Penalty to David Wolf is over, David Wolf is back on ice.
10:24 of 2nd period - Slapshot by Joey Ryan.
10:24 of 2nd period - Shot Blocked by Niklas Hjalmarsson.
10:26 of 2nd period - Snap shot by Joe Labate.
10:26 of 2nd period - Shot Blocked by Phil Oreskovic.
10:28 of 2nd period - Slapshot by David Wolf.
10:28 of 2nd period - Shot Misses the Net.
10:30 of 2nd period - Wrist shot by David Wolf.
10:30 of 2nd period - Shot Blocked by Jesse Joensuu.
11:06 of 2nd period - Snap shot by Dany Roussin.
11:06 of 2nd period - Deflect By Jared Staal.
11:06 of 2nd period - Shot Blocked by Scott Harrington.
11:06 of 2nd period - Puck is out of play.
11:07 of 2nd period - Brian Flynn wins face-off versus Daultan Leveillé in Little Stars zone.
11:18 of 2nd period - Slapshot by Cam Atkinson.
11:18 of 2nd period - Stopped by Jake Allen without a rebound.
11:19 of 2nd period - Jay Beagle wins face-off versus Brian Flynn in Thunder zone.
11:28 of 2nd period - Wrist shot by Jay Beagle.
11:28 of 2nd period - Shot Misses the Net.
11:30 of 2nd period - Snap shot by Adam Hall.
11:30 of 2nd period - Stopped by Peter Delmas with a rebound.
12:55 of 2nd period - Slapshot by Brian Flynn.
12:55 of 2nd period - Stopped by Jake Allen with a rebound.
12:57 of 2nd period - Slapshot by Scott Harrington.
12:57 of 2nd period - Shot Blocked by David Fischer.
14:13 of 2nd period - Icing by Cam Atkinson.
14:14 of 2nd period - Brian Flynn wins face-off versus Jay Beagle in Little Stars zone.
14:20 of 2nd period - Off-side.
14:21 of 2nd period - Jay Beagle wins face-off versus Dana Tyrell in neutral zone.
14:55 of 2nd period - Wrist shot by Dany Roussin.
14:55 of 2nd period - Shot Blocked by Tyson Barrie.
14:57 of 2nd period - Snap shot by Mikko Vainonen.
14:57 of 2nd period - Shot Misses the Net.
14:59 of 2nd period - Wrist shot by Dany Roussin.
14:59 of 2nd period - Shot Misses the Net.
15:09 of 2nd period - Ryan Nugent-Hopkins is hit by Brian Flynn and loses puck.
15:16 of 2nd period - Slapshot by Zach Redmond.
15:16 of 2nd period - Shot Blocked by Shawn Matthias.
15:34 of 2nd period - Wrist shot by Jordie Benn.
15:34 of 2nd period - Shot Blocked by Peter Andersson.
15:48 of 2nd period - Peter Andersson is hit by Dana Tyrell and loses puck.
16:15 of 2nd period - Slapshot by Dany Roussin.
16:15 of 2nd period - Shot Misses the Net.
16:31 of 2nd period - Slapshot by Jesper Fast.
16:31 of 2nd period - Stopped by Jake Allen with a rebound.
16:33 of 2nd period - Wrist shot by Jesper Fast.
16:33 of 2nd period - Stopped by Jake Allen without a rebound.
16:34 of 2nd period - Scott Parse wins face-off versus Mathieu Perreault in Thunder zone.
16:34 of 2nd period - Scott Parse is hit by Mathieu Perreault.
16:56 of 2nd period - Minor Penalty to Scott Harrington for Roughing.
16:57 of 2nd period - Shawn Matthias wins face-off versus Scott Parse in Little Stars zone.
17:10 of 2nd period - Snap shot by Shawn Matthias.
17:10 of 2nd period - Shot Blocked by Joey Ryan.
17:12 of 2nd period - Snap shot by Shawn Matthias.
17:12 of 2nd period - Stopped by Jake Allen with a rebound.
17:32 of 2nd period - Shawn Matthias is hit by Jared Staal and loses puck.
18:49 of 2nd period - David Fischer is hit by Brian Flynn and loses puck.
18:56 of 2nd period - Penalty to Scott Harrington is over, Scott Harrington is back on ice.
19:10 of 2nd period - Snap shot by Hugh Jessiman.
19:10 of 2nd period - Shot Misses the Net.
19:12 of 2nd period - Slapshot by Brian Flynn.
19:12 of 2nd period - Stopped by Jake Allen without a rebound.
19:13 of 2nd period - Thomas Spelling wins face-off versus Mathieu Perreault in Thunder zone.
19:24 of 2nd period - Snap shot by Mike Hoffman.
19:24 of 2nd period - Goal by Mike Hoffman - Little Stars : 1 - Thunder : 6.
19:25 of 2nd period - Brian Flynn wins face-off versus Jay Beagle in neutral zone.
19:51 of 2nd period - Phil Oreskovic is hit by David Fischer and loses puck.
Goals for this period are 1 for Little Stars vs 3 for Thunder.
Shots for this period are 10 for Little Stars vs 12 for Thunder.
3rd period
0:01 of 3rd period - Brian Flynn wins face-off versus Jay Beagle in neutral zone.
0:06 of 3rd period - Wrist shot by Adam Hall.
0:06 of 3rd period - Stopped by Peter Delmas with a rebound.
0:08 of 3rd period - Backhand shot by Adam Hall.
0:08 of 3rd period - Stopped by Peter Delmas without a rebound.
0:09 of 3rd period - Jay Beagle wins face-off versus Shawn Matthias in Little Stars zone.
0:26 of 3rd period - Snap shot by Jay Beagle.
0:26 of 3rd period - Stopped by Peter Delmas with a rebound.
0:36 of 3rd period - Slapshot by Adam Hall.
0:36 of 3rd period - Stopped by Peter Delmas without a rebound.
0:37 of 3rd period - Dana Tyrell wins face-off versus Daultan Leveillé in Little Stars zone.
0:53 of 3rd period - Snap shot by Jesse Joensuu.
0:53 of 3rd period - Stopped by Jake Allen without a rebound.
0:54 of 3rd period - Jay Beagle wins face-off versus Brian Flynn in Thunder zone.
1:04 of 3rd period - Minor Penalty to David Fischer for Hooking.
1:05 of 3rd period - Cam Atkinson wins face-off versus Scott Parse in Thunder zone.
3:04 of 3rd period - Penalty to David Fischer is over, David Fischer is back on ice.
3:16 of 3rd period - Snap shot by David Wolf.
3:16 of 3rd period - Goal by David Wolf - Little Stars : 1 - Thunder : 7.
3:17 of 3rd period - Jay Beagle wins face-off versus Jesper Fast in neutral zone.
3:27 of 3rd period - Minor Penalty to Jay Beagle for Boarding.
3:28 of 3rd period - Scott Parse wins face-off versus Brian Flynn in Thunder zone.
4:06 of 3rd period - Icing by Dana Tyrell.
4:07 of 3rd period - Adam Hall wins face-off versus Dana Tyrell in Little Stars zone.
4:10 of 3rd period - Snap shot by Mike Hoffman.
4:10 of 3rd period - Shot Misses the Net.
4:20 of 3rd period - Adam Hall is hit by Jesse Joensuu and loses puck.
4:41 of 3rd period - Snap shot by Hugh Jessiman.
4:41 of 3rd period - Shot Blocked by Joey Ryan.
4:43 of 3rd period - Wrist shot by Jesse Joensuu.
4:43 of 3rd period - Goal by Jesse Joensuu - Little Stars : 2 - Thunder : 7.
4:44 of 3rd period - Brian Flynn wins face-off versus Daultan Leveillé in neutral zone.
4:47 of 3rd period - David Fischer is hit by Shawn Matthias and loses puck.
4:54 of 3rd period - Snap shot by Brian Flynn.
4:54 of 3rd period - Shot Blocked by David Fischer.
4:56 of 3rd period - Snap shot by Cam Atkinson.
4:56 of 3rd period - Stopped by Jake Allen with a rebound.
4:58 of 3rd period - Wrist shot by Shawn Matthias.
4:58 of 3rd period - Shot Blocked by Joey Ryan.
5:00 of 3rd period - Slapshot by Tyson Barrie.
5:00 of 3rd period - Shot Blocked by Dany Roussin.
5:06 of 3rd period - Minor Penalty to Joey Ryan for Boarding.
5:07 of 3rd period - Shawn Matthias wins face-off versus Scott Parse in Thunder zone.
5:08 of 3rd period - Wrist shot by Cam Atkinson.
5:08 of 3rd period - Shot Blocked by David Fischer.
5:10 of 3rd period - Slapshot by Niklas Hjalmarsson.
5:10 of 3rd period - Shot Blocked by Scott Parse.
5:12 of 3rd period - Snap shot by Brian Flynn.
5:12 of 3rd period - Goal by Brian Flynn - Little Stars : 3 - Thunder : 7.
5:13 of 3rd period - Brian Flynn wins face-off versus Jay Beagle in neutral zone.
5:48 of 3rd period - Wrist shot by Jesse Joensuu.
5:48 of 3rd period - Shot Misses the Net.
5:50 of 3rd period - Snap shot by Dana Tyrell.
5:50 of 3rd period - Stopped by Jake Allen with a rebound.
5:52 of 3rd period - Wrist shot by Jesse Joensuu.
5:52 of 3rd period - Shot Misses the Net.
6:02 of 3rd period - Tyson Barrie is hit by Ryan Nugent-Hopkins and loses puck.
6:10 of 3rd period - Minor Penalty to Gianluca Curcuruto for Elbowing.
6:11 of 3rd period - Brian Flynn wins face-off versus Scott Parse in Thunder zone.
6:19 of 3rd period - Slapshot by Brian Flynn.
6:19 of 3rd period - Goal by Brian Flynn - Little Stars : 4 - Thunder : 7.
6:20 of 3rd period - Jay Beagle wins face-off versus Brian Flynn in neutral zone.
7:22 of 3rd period - Wrist shot by Ryan Nugent-Hopkins.
7:22 of 3rd period - Stopped by Peter Delmas with a rebound.
7:24 of 3rd period - Snap shot by Mike Hoffman.
7:24 of 3rd period - Shot Blocked by Tyson Barrie.
7:26 of 3rd period - Wrist shot by Ryan Nugent-Hopkins.
7:26 of 3rd period - Shot Misses the Net.
7:28 of 3rd period - Slapshot by Joey Ryan.
7:28 of 3rd period - Shot Misses the Net.
7:48 of 3rd period - Snap shot by Thomas Spelling.
7:48 of 3rd period - Stopped by Peter Delmas with a rebound.
7:50 of 3rd period - Snap shot by Thomas Spelling.
7:50 of 3rd period - Shot Misses the Net.
7:52 of 3rd period - Wrist shot by David Fischer.
7:52 of 3rd period - Stopped by Peter Delmas with a rebound.
7:54 of 3rd period - Slapshot by Joey Ryan.
7:54 of 3rd period - Stopped by Peter Delmas with a rebound.
7:56 of 3rd period - Snap shot by Thomas Spelling.
7:56 of 3rd period - Deflect By Mike Hoffman.
7:56 of 3rd period - Stopped by Peter Delmas without a rebound.
7:57 of 3rd period - Jay Beagle wins face-off versus Dana Tyrell in Little Stars zone.
8:08 of 3rd period - Wrist shot by Adam Hall.
8:08 of 3rd period - Shot Misses the Net.
8:49 of 3rd period - Wrist shot by Robert Klinkhammer.
8:49 of 3rd period - Shot Misses the Net.
9:05 of 3rd period - Off-side.
9:06 of 3rd period - Jay Beagle wins face-off versus Dana Tyrell in neutral zone.
9:35 of 3rd period - Snap shot by Alexander Vasyunov.
9:35 of 3rd period - Stopped by Jake Allen without a rebound.
9:36 of 3rd period - Mathieu Perreault wins face-off versus Ryan Nugent-Hopkins in Thunder zone.
10:06 of 3rd period - Slapshot by Joey Ryan.
10:06 of 3rd period - Deflect By Niklas Hjalmarsson.
10:06 of 3rd period - Stopped by Peter Delmas without a rebound.
10:07 of 3rd period - Jay Beagle wins face-off versus Brian Flynn in Little Stars zone.
10:22 of 3rd period - Snap shot by Brian Flynn.
10:22 of 3rd period - Stopped by Jake Allen without a rebound.
10:23 of 3rd period - Dany Roussin wins face-off versus Hugh Jessiman in Thunder zone.
10:30 of 3rd period - Snap shot by Dany Roussin.
10:30 of 3rd period - Shot Misses the Net.
10:32 of 3rd period - Slapshot by Joey Ryan.
10:32 of 3rd period - Shot Misses the Net.
11:08 of 3rd period - Slapshot by Ryan Nugent-Hopkins.
11:08 of 3rd period - Stopped by Peter Delmas without a rebound.
11:09 of 3rd period - Mathieu Perreault wins face-off versus Ryan Nugent-Hopkins in Little Stars zone.
11:22 of 3rd period - Backhand shot by Mathieu Perreault.
11:22 of 3rd period - Shot Hit the Post.
11:24 of 3rd period - Wrist shot by Jesper Fast.
11:24 of 3rd period - Shot Blocked by Ryan Nugent-Hopkins.
12:24 of 3rd period - Minor Penalty to Hugh Jessiman for Roughing.
12:25 of 3rd period - Daultan Leveillé wins face-off versus Shawn Matthias in Little Stars zone.
12:25 of 3rd period - Wrist shot by Dany Roussin.
12:25 of 3rd period - Shot Blocked by Cam Atkinson.
12:27 of 3rd period - Snap shot by Joey Ryan.
12:27 of 3rd period - Deflect By Dany Roussin.
12:27 of 3rd period - Shot Misses the Net.
12:27 of 3rd period - Puck is out of play.
12:28 of 3rd period - Shawn Matthias wins face-off versus Daultan Leveillé in Little Stars zone.
12:55 of 3rd period - Slapshot by Scott Parse.
12:55 of 3rd period - Stopped by Peter Delmas with a rebound.
13:13 of 3rd period - Wrist shot by Alexander Vasyunov.
13:13 of 3rd period - Stopped by Jake Allen with a rebound.
14:24 of 3rd period - Penalty to Hugh Jessiman is over, Hugh Jessiman is back on ice.
14:48 of 3rd period - Mikko Vainonen is hit by Niklas Hjalmarsson and loses puck.
14:55 of 3rd period - Jesse Joensuu is hit by Austin Wuthrich and loses puck.
15:44 of 3rd period - Zach Redmond is hit by Alexander Vasyunov and loses puck.
16:37 of 3rd period - Dana Tyrell is hit by David Wolf and loses puck.
16:54 of 3rd period - Slapshot by Tyson Barrie.
16:54 of 3rd period - Shot Misses the Net.
16:56 of 3rd period - Minor Penalty to Gianluca Curcuruto for High sticking.
16:57 of 3rd period - Scott Parse wins face-off versus Brian Flynn in Thunder zone.
16:57 of 3rd period - Scott Parse is hit by Brian Flynn.
17:35 of 3rd period - Slapshot by Adam Hall.
17:35 of 3rd period - Goal by Adam Hall - Little Stars : 4 - Thunder : 8.
17:36 of 3rd period - Scott Parse wins face-off versus Dana Tyrell in neutral zone.
17:39 of 3rd period - Niklas Hjalmarsson is hit by Scott Parse and loses puck.
18:56 of 3rd period - Penalty to Gianluca Curcuruto is over, Gianluca Curcuruto is back on ice.
19:08 of 3rd period - Snap shot by Mathieu Perreault.
19:08 of 3rd period - Deflect By Joey Ryan.
19:08 of 3rd period - Stopped by Jake Allen without a rebound.
19:09 of 3rd period - Mathieu Perreault wins face-off versus Ryan Nugent-Hopkins in Thunder zone.
19:18 of 3rd period - Wrist shot by Mathieu Perreault.
19:18 of 3rd period - Shot Misses the Net.
19:20 of 3rd period - Slapshot by Tyson Barrie.
19:20 of 3rd period - Stopped by Jake Allen with a rebound.
19:26 of 3rd period - Snap shot by Mathieu Perreault.
19:26 of 3rd period - Goal by Mathieu Perreault - Little Stars : 5 - Thunder : 8.
19:27 of 3rd period - Brian Flynn wins face-off versus Jay Beagle in neutral zone.
Goals for this period are 4 for Little Stars vs 2 for Thunder.
Shots for this period are 12 for Little Stars vs 14 for Thunder.
Back to the Top